 Dungeon Crawl Stone Soup version 0.24-a0-335-g06ca16a (webtiles) character file.

Game seed: 647862073624057638

244 mhoghedin the Grave Robber (level 5, 0/35 HPs)
             Began as a Mummy Necromancer on May 19, 2019.
             Slain by Grinder (1 damage)
             ... on level 3 of the Dungeon.
             The game lasted 00:05:21 (2378 turns).

mhoghedin the Grave Robber (Mummy Necromancer)      Turns: 2378, Time: 00:05:21

Health: 0/35       AC:  2    Str: 15    XL:     5   Next: 83%
Magic:  13/13      EV: 12    Int: 15    God:
Gold:   152        SH:  0    Dex: 12    Spells: 6/15 levels left

rFire    . . .     SeeInvis .   j - +0 dagger (flame)
rCold    + + .     Gourm    .   (no shield)
rNeg     + + +     Faith    .   a - +0 robe
rPois    ∞         Spirit   .   (no helmet)
rElec    .         Reflect  .   b - scarf {rC+ rF+}
rCorr    .         Harm     .   (no gloves)
MR       .....                  (no boots)
Stlth    ++........             (no amulet)
HPRegen  0.11/turn              e - +3 ring of strength
MPRegen  0.13/turn              (no ring)

@: no status effects
A: no food or potions, fire vulnerability, cold resistance 1, negative energy
resistance 3, torment resistance, unbreathing
a: no special abilities


You were on level 3 of the Dungeon.
You were not hungry.

You visited 1 branch of the dungeon, and saw 3 of its levels.

You collected 152 gold pieces.

Inventory:

Hand Weapons
 j - a +0 dagger of flaming (weapon)
   (You found it on level 3 of the Dungeon)
Armour
 a - a +0 robe (worn)
 b - a scarf of resistance (worn)
   (You found it on level 1 of the Dungeon)
 c - a scarf of spirit shield
   (You found it on level 3 of the Dungeon)
 g - a +0 pair of boots
   (You found it on level 3 of the Dungeon)
Jewellery
 e - a +3 ring of strength (left hand)
   (You found it on level 2 of the Dungeon)
Scrolls
 d - a scroll of teleportation
 f - a scroll of magic mapping {unknown}
 i - a scroll of remove curse


   Skills:
 - Level 1.5 Dodging
 - Level 1.6 Stealth
 + Level 5.6 Spellcasting
 + Level 5.7 Necromancy


You had 6 spell levels left.
You knew the following spells:

 Your Spells              Type           Power        Failure   Level  Hunger
a - Pain                  Necr           ###.         1%          1    N/A
b - Animate Dead          Necr           N/A          14%         4    N/A
x - Vampiric Draining     Necr           ###.......   4%          3    N/A
A - Animate Skeleton      Necr           N/A          1%          1    N/A

Your spell library contained the following spells:

 Spells                   Type           Power        Failure   Level  Hunger
 Regeneration             Chrm/Necr      Unusable     N/A         3    N/A

Dungeon Overview and Level Annotations

Branches:
Dungeon (3/15)

Altars:
Elyvilon
Trog

Annotations:
D:3 Grinder


Innate Abilities, Weirdness & Mutations

You do not eat or drink.
Your flesh is vulnerable to fire.
You are immune to poison.
Your flesh is cold resistant. (rC+)
You are immune to negative energy. (rN+++)
You are immune to unholy pain and torment.
You can survive without breathing.


Message History

Okay, then.
Unknown command.
Unknown command.
Memorise Animate Skeleton, consuming 1 spell level and leaving 13?
You start memorising the spell.
You continue memorising.
You finish memorising.
Spell assigned to 'A'.
Memorise Vampiric Draining, consuming 3 spell levels and leaving 10?
You start memorising the spell.
You continue memorising. x3
You finish memorising.
Spell assigned to 'x'.
Memorise Animate Dead, consuming 4 spell levels and leaving 6?
You start memorising the spell.
You continue memorising. x4
You finish memorising.
Spell assigned to 'b'.
You start resting.
Your magical contamination has completely faded away.
Things that are here:
a +0 scythe; a +0 robe; a grey potion
g - a pair of boots You regained 2 hp, and now have 22/35 hp.
You hear the rapid rusting of a distant drain.
A worm comes into view.
You regained 2 mp, and now have 8/13 mp.
Aim: a worm (hasn't noticed you, chance to defeat MR: 86%)
The worm writhes in agony.
You now have 7/13 mp.
Aim: a worm (lightly wounded, chance to defeat MR: 86%)
The worm barely resists.
You now have 6/13 mp.
Aim: a worm (lightly wounded, chance to defeat MR: 86%)
The worm writhes in agony!
You now have 5/13 mp.
Aim: a worm (heavily wounded, chance to defeat MR: 86%)
The worm writhes in agony!
The worm closely misses you.
You now have 4/13 mp.
Aim: a worm (almost dead, chance to defeat MR: 86%)
The worm writhes in agony.
You kill the worm!
You now have 3/13 mp.
You start resting.
You hear the rapid rusting of a distant drain.
You regained 4 hp, and now have 28/35 hp.
You regained 5 mp, and now have 9/13 mp.
You see here a worm corpse.
You hear the rapid rusting of a distant drain.
You see here a ration.
Found a stone staircase leading down.
You regained 6 hp, and now have 34/35 hp.
MP restored: 13 You hear the rapid rusting of a drain nearby.
Grinder is too close now for your liking.
You hear the drain falling apart.
Health restored: 35 You aren't carrying any items that you can evoke.
Unknown command.
Grinder blinks!
The walls and floor vibrate strangely for a moment.
Grinder blinks!
Grinder says, "There's only one good use for a tongue: cutting it out."
You see here a ration.
Grinder blinks!
Grinder hits you but does no damage.
A goblin comes into view.
The goblin shouts!
You hit Grinder. You burn Grinder. Grinder hits you.
You take 2 damage, and have 33/35 hp.
You hit Grinder but do no damage. Grinder hits you!
You take 6 damage, and have 27/35 hp.
Grinder says, "My boss said I was rubbish.
His entrails said otherwise."
Grinder says, "Don't move a muscle."
Grinder hits you.
You take 6 damage, and have 21/35 hp.
Grinder blinks!
The goblin barely misses you.
You barely miss the goblin. The goblin hits you.
You take 1 damage, and have 20/35 hp.
You hit the goblin. You burn the goblin.
You kill the goblin!
You aren't carrying any items that you can evoke.
You can't drink.
You closely miss Grinder. Grinder closely misses you.
You hit Grinder but do no damage. Grinder misses you.
You hit Grinder. You burn Grinder. Grinder misses you.
You barely miss Grinder. Grinder misses you.
You hit Grinder. You burn Grinder. Grinder hits you!
You take 7 damage, and have 14/35 hp.
You closely miss Grinder.
Grinder blinks!
You see here a ration.
Grinder blinks!
Grinder says, "DUCK!"
There is a stone staircase leading down here.
You hit Grinder but do no damage. Grinder hits you!
* * * LOW HITPOINT WARNING * * *
You take 8 damage, and have 8/35 hp.
MASSIVE DAMAGE!!
You hit Grinder. You burn Grinder.
Grinder blinks!
You closely miss Grinder. Grinder hits you!
* * * LOW HITPOINT WARNING * * *
You take 7 damage, and have 1/35 hp.
Unknown command.
You barely miss Grinder. Grinder hits you.
You die...

### #.....# #.....§ #.. #
####### #....## # #.#.#
#..#### #.##5#. ########
##.###. .... #......#
#....# #.######.####.#
#..... #.........###.#
#.####
########....#.######.####
#@##......§...##..
#5####.######.##.#
#......# #.....
######.###########
#..≈≈≈≈≈≈≈≈≈.
#..≈≈≈≈∩≈≈≈≈†
##.≈≈≈≈≈≈≈≈≈. ###########
###


You could see Grinder.

Vanquished Creatures
  Sigmund (D:3)
  4 adders
  3 oozes (D:3)
  A worm (D:3)
  3 leopard geckos
  5 orcs
  3 giant cockroaches
  2 goblins
  5 hobgoblins
  2 jackals (D:3)
  3 bats
  A frilled lizard (D:3)
  6 kobolds
  5 rats
44 creatures vanquished.

Notes
Turn   | Place    | Note
-------+----------+-------------------------------------------
     0 | D:1      | mhoghedin the Mummy Necromancer began the quest for the
                  | Orb.
     0 | D:1      | Reached XP level 1. HP: 13/13 MP: 4/4
   303 | D:1      | Reached skill level 3 in Spellcasting
   713 | D:1      | Reached XP level 2. HP: 18/19 MP: 0/6
  1253 | D:2      | Reached XP level 3. HP: 24/24 MP: 6/8
  1303 | D:2      | Found a bloodstained altar of Trog.
  1573 | D:2      | Found a white marble altar of Elyvilon.
  1622 | D:2      | Reached skill level 4 in Spellcasting
  1768 | D:3      | Reached XP level 4. HP: 16/30 MP: 0/10
  1806 | D:3      | Noticed Sigmund
  1875 | D:3      | Found a glowing drain.
  1885 | D:3      | Noticed Grinder
  1916 | D:3      | Reached skill level 5 in Necromancy
  2155 | D:3      | Killed Sigmund
  2155 | D:3      | Reached skill level 5 in Spellcasting
  2155 | D:3      | Reached XP level 5. HP: 18/35 MP: 2/13
  2163 | D:3      | Learned a level 1 spell: Animate Skeleton
  2167 | D:3      | Learned a level 3 spell: Vampiric Draining
  2172 | D:3      | Learned a level 4 spell: Animate Dead
  2375 | D:3      | HP: 8/35 [Grinder (9)]
  2377 | D:3      | HP: 1/35 [Grinder (7)]
  2378 | D:3      | Slain by Grinder

Levels and vault maps discovered:
D:1:      tarquinn_simple_flora_water_a, layout_loops_corners
D:2:      layout_rooms, elyvilon_altar_4, bloody_trog, serial_glass,
          glass_columns_b, glass_columns_b, first_ration, skrybe_limestone_x
D:3:      layout_loops_cross, marbit_many_paths, portal_sewer_entry_f,
          palyth_stone_intersect, uniq_sigmund, uniq_robin, uniq_grinder

Skill      XL: |  1  2  3  4 |
---------------+-------------+-----
Spellcasting   | 3 4 5 |  5.6
Necromancy     | 5 |  5.7
Dodging        | |  1.5
Stealth        | |  1.6

Action                   |  1- 3 |  4- 6 || total
-------------------------+-------+-------++-------
Melee: Short sword       |     1 |       ||     1
       Dagger            |     3 |    15 ||    18
 Cast: Pain              |    62 |    38 ||   100
  Use: Scroll            |     1 |     3 ||     4
Armor: Robe              |     5 |     2 ||     7
Dodge: Dodged            |     9 |    12 ||    21

Table legend:
 A = Non-vault XP
 B = Vault XP
 C = Vault XP percentage of total XP
 D = Non-vault monster count
 E = Vault monster count
 F = Vault count percentage of total count
                 A         B        C        D         E       F
            +---------+---------+-------+---------+---------+-------
      Total |     136 |     213 |  61.0 |      40 |       4 |   9.1
            +---------+---------+-------+---------+---------+-------
        D:1 |      17 |       0 |   0.0 |      11 |       0 |   0.0
        D:2 |      57 |       0 |   0.0 |      13 |       0 |   0.0
        D:3 |      62 |     213 |  77.5 |      16 |       4 |  20.0
            +---------+---------+-------+---------+---------+-------

Levels and vault maps discovered:
D:1:      tarquinn_simple_flora_water_a, layout_loops_corners
D:2:      layout_rooms, elyvilon_altar_4, bloody_trog, serial_glass,
          glass_columns_b, glass_columns_b, first_ration, skrybe_limestone_x
D:3:      layout_loops_cross, marbit_many_paths, portal_sewer_entry_f,
          palyth_stone_intersect, uniq_sigmund, uniq_robin, uniq_grinder

Table legend:
 A = Turns spent in this place as a percentage of turns spent in the entire game.
 B = Non-inter-level travel turns spent in this place as a percentage of non-inter-level travel turns spent in the entire game.
 C = Inter-level travel turns spent in this place as a percentage of turns spent in this place.
 D = Turns resting spent in this place as a percentage of non-inter-level travel turns spent in this place.
 E = Turns spent auto-exploring this place as a percentage of non-inter-level travel turns spent in this place.
 F = Non-inter-level travel turns spent in this place divided by the number of levels of this place that you've seen.
                   A       B       C       D       E      F
               +-------+-------+-------+-------+-------+----------------------
         Total | 100.0 | 100.0 |   1.5 |  26.6 |  52.0 | 780.7
       Dungeon | 100.0 | 100.0 |   1.5 |  26.6 |  52.0 | 780.7
               +-------+-------+-------+-------+-------+----------------------

Table legend:
 A = Kills in this place as a percentage of kills in entire the game.
 B = Kills by you in this place as a percentage of kills by you in the entire game.
 C = Kills by friends in this place as a percentage of kills by friends in the entire game.
 D = Other kills in this place as a percentage of other kills in the entire game.
 E = Experience gained in this place as a percentage of experience gained in the entire game.
 F = Experience gained in this place divided by the number of levels of this place that you have seen.
                   A       B       C       D       E      F
               +-------+-------+-------+-------+-------+----------------------
         Total | 100.0 | 100.0 |   N/A |   N/A | 100.0 | 116.3
       Dungeon | 100.0 | 100.0 |   N/A |   N/A | 100.0 | 116.3
               +-------+-------+-------+-------+-------+----------------------
